backhack, chaotic female human Rogue ------ ------- |....-# |!.)*[| |....|# |*%!!*| |....|# ------- |.=!**| ----+-# |......# |?(*[.| ## # #....>.|# |....)| # # #|.....|# -|----- ### # # #-------### # # # ######## ##### # ### ## ####-----# # ### # ----.--- ##|...|# # # # # # |.......######.....########## `# # ### # |<.....| |...|# a-----------# ########### # # |......| +.`.|# @|...%.....|# ###-.-.--.-.--- |.......# -----# d|.........-# #|..........| --------############ #|.........|# |..........| #-.........| -....).%...| ----------- ------------ backhack the Cutpurse Experience level: 5 Strength: 13 Dexterity: 18 Constitution: 18 Intelligence: 9 Wisdom: 10 Charisma: 7 Health: 0(48) Energy: 24(24) Def: 6 Gold: 0 Moves: 3828 Dungeon seed: 5ZmEnEzM1pkpYe_0 Game ID: backhack_1468583902 Your Inventory: Weapons a - an uncursed +0 dagger named Biter (weapon in hand) b - 12 uncursed +0 daggers (in quiver) Armor e - an uncursed +1 leather armor (being worn) q - an uncursed +0 orcish helm (being worn) r - an uncursed +0 pair of high boots (being worn) y - an uncursed +0 orcish helm Comestibles i - 3 uncursed food rations t - an uncursed egg C - 2 uncursed fortune cookies G - 2 uncursed cherries R - an uncursed lizard corpse Tools k - an uncursed lock pick B - an uncursed sack O - an uncursed tooled horn P - an uncursed brass lantern (0:1499) Gems n - an uncursed worthless piece of orange glass z - an uncursed worthless piece of white glass Contents of the sack: 965 gold pieces an uncursed +0 short sword 2 uncursed scrolls of destroy armor 3 uncursed scrolls of light a cursed scroll of light an uncursed scroll of magic mapping an uncursed scroll of remove curse an uncursed scroll of stinking cloud an uncursed spellbook of create monster an uncursed spellbook of invisibility a blessed potion of blindness an uncursed potion of confusion an uncursed potion of enlightenment a cursed potion of full healing an uncursed potion of gain ability a cursed potion of invisibility an uncursed potion of sickness an uncursed potion of sleeping an uncursed potion of speed an uncursed ring of protection from shape changers Spells and supernatural/magical abilities: Name Level Category Fail Memory W - pray for help -- divine ? -- Your skills at the end: Fighting Skills Weapon Skills dagger [Skilled] short sword [Basic] Spellcasting Skills Final Attributes: You were piously aligned. You were poison resistant. You were telepathic. You were stealthy. You are dead. Vanquished creatures: a lizard a plains centaur a snake an orc shaman a rock piercer a pony a yellow light a shrieker a little dog a kitten a kobold lord 2 rothes a giant bat a wererat a werejackal 2 iguanas a hobgoblin 2 yellow molds 2 gnomes a gnome zombie 2 geckos 6 jackals a fox 2 goblins 2 sewer rats 8 grid bugs 6 lichens 3 kobold zombies 3 newts 57 creatures vanquished. Voluntary challenges: You used a wielded weapon 73 times, starting on turn 1. You read items or engraved 7 times, starting on turn 1321. You never genocided any monsters. You never polymorphed an object. You changed form 2 times, starting on turn 1266. You used no wishes. You never split a pudding. You wrote Elbereth's name 7 times, starting on turn 1321. You never violated your personal moral code. Dungeon overview: The Dungeons of Doom: levels 1 to 8 Level 1 a long staircase Level 2 a scroll shop Level 3 an altar to Mog Level 4 a general store stairs to The Gnomish Mines Level 5 a fountain Level 6 Level 7 <- You were here a general store Level 8 The Gnomish Mines: Level 5 stairs to The Dungeons of Doom History has recorded: On T:1 you entered the Dungeons of Doom to retrieve the Amulet of Yendor! On T:39 you reached level 2 of The Dungeons of Doom. On T:352 you reached level 3 of The Dungeons of Doom. On T:903 you advanced to experience level 2. On T:1067 you reached level 4 of The Dungeons of Doom. On T:1135 you advanced to experience level 3. On T:1508 you reached level 1 of The Gnomish Mines. On T:1632 you reached level 5 of The Dungeons of Doom. On T:1635 you advanced to experience level 4. On T:2659 you reached level 6 of The Dungeons of Doom. On T:2706 you reached level 7 of The Dungeons of Doom. On T:2765 you advanced to experience level 5. On T:2942 you reached level 8 of The Dungeons of Doom. Score breakdown: Gold: 965 (10153 points) Experience: 5 levels (11141 points) Exploration: 8 levels ( 17.02%) (11702 points) Discoveries: 7 items ( 2.35%) ( 4597 points) Valuables value: (no points given unless you survive) Artifact value: 0 ( 0 points) Variety of kills: 29 monsters ( 7.61%) ( 8276 points) Turncount: 3828 turns ( -960 points) Survival: died (score multiplied by 80%) Total score: 35927 Latest messages: The jackal misses it. You hear a mumbled curse. You throw 2 daggers. The 1st dagger hits it! You kill it! You have a little trouble lifting b - 2 uncursed +0 daggers (in quiver). You displace your jackal. You see here a snake corpse. The fire ant bites! (2x) You're on fire! The fire ant misses. The fire ant bites! You're on fire! The fire ant bites! The fire ant misses. You hit the fire ant. The fire ant bites! (2x) You're on fire! The fire ant bites! (2x) You're on fire! You die... Final status: Goodbye backhack the Rogue, killed by a fire ant... You died in The Dungeons of Doom on dungeon level 7 with 35927 points, and 965 pieces of gold, after 3828 moves. You were level 5 with a maximum of 48 hit points when you died.